 Dungeon Crawl Stone Soup version 0.26.1-11-gd32895ea62 (webtiles) character file.

Game seed: 11552005671640434179

171 H0rd4k the Insei (level 5, -1/33 HPs)
             Began as an Octopode Transmuter on July 15, 2021.
             Slain by an adder (5 damage)
             ... on level 2 of the Dungeon.
             The game lasted 00:01:35 (1638 turns).

H0rd4k the Insei (Octopode Transmuter)              Turns: 1638, Time: 00:01:35

Health: -1/33      AC:  2    Str:  9    XL:     5   Next: 51%
Magic:  4/8        EV: 20    Int: 17    God:
Gold:   65         SH:  0    Dex: 17    Spells: 5/9 levels left

rFire    . . .     SeeInvis .     - Unarmed
rCold    . . .     Faith    .   (shield currently unavailable)
rNeg     . . .     Spirit   .   (helmet currently unavailable)
rPois    x         Reflect  .   (no amulet)
rElec    .         Harm     .   a - ring of flight
rCorr    .         Rampage  .   (no ring)
Will     .....                  (no ring)
Stlth    ++........             (no ring)
HPRegen  0.11/turn              (no ring)
MPRegen  0.11/turn              (no ring)
                                (no ring)
                                (no ring)

@: lethally poisoned (-1 -> -19), spider-form (expiring)
A: tiny, almost no armour, stealthy swim, (amphibious), 8 rings, (constrict 8)
a: End Transformation, Evoke Flight


You were on level 2 of the Dungeon.
You were a venomous arachnid creature.
You visited 1 branch of the dungeon, and saw 2 of its levels.

You collected 65 gold pieces.

Inventory:

Missiles
 d - 11 poisoned darts
Jewellery
 a - a ring of flight (left front leg)
Scrolls
 c - a scroll of identify {unknown}
 e - a scroll of fear {unknown}
Potions
 b - a potion of flight {unknown}
 f - a potion of attraction {unknown}


   Skills:
 + Level 1.3 Fighting
 + Level 2.8 Dodging
 + Level 4.6 Unarmed Combat
 * Level 2.6 Spellcasting
 * Level 2.5 Transmutations
 * Level 1.4 Poison Magic


You had 5 spell levels left.
You knew the following spells:

 Your Spells              Type           Power        Failure   Level
a - Beastly Appendage     Tmut           20%          17%         1
b - Spider Form           Tmut/Pois      4%           45%         3

Your spell library contained the following spells:

 Spells                   Type           Power        Failure   Level
 Wereblood                Tmut           10%          24%         2
 Ice Form                 Ice/Tmut       6%           87%         4
 Blade Hands              Tmut           5%           96%         5


Dungeon Overview and Level Annotations

Branches:
Dungeon (2/15)

Altars:


Innate Abilities, Weirdness & Mutations

You cannot wear most types of armour.
You are very stealthy in the water. (Stealth+)
((You are amphibious.))
You can wear up to eight rings at the same time.
((You can use your tentacles to constrict eight enemies at once.))
((Your skin changes colour to match your surroundings (Stealth+).))
((Your rubbery body absorbs attacks. (AC +1, EV +1)))


Message History

You feel sick. The water moccasin misses you.
You bite the water moccasin!
The water moccasin looks as sick as possible!
The water moccasin is almost dead.
* * * LOW HITPOINT WARNING * * *
You feel sick.
The jackal stops to sniff the ground.
The water moccasin completely misses you.
You bite the water moccasin!
You kill the water moccasin!
Your transformation is almost over.
* * * LOW HITPOINT WARNING * * *
You feel sick.
Your Poison Magic skill increases to level 1!
You have reached level 5!
You feel clever.
You closely miss the adder.
* * * LOW HITPOINT WARNING * * *
You feel sick. The adder misses you. The adder bites you.
You die...

# ##... #
#[... #
#.... #
#.... #
#.... #
#.... #
#...h######
#
#...hSs...##
#
#....##....#
#.... #....#
#.... #....#
##### ###'##
#(# #.# #.#
#.#


You could see an adder and 2 jackals.

Vanquished Creatures
  A water moccasin (D:2)
  3 adders (D:2)
  A dart slug (D:1)
  2 ball pythons
  5 bats
  5 giant cockroaches
  4 goblins (D:1)
  6 hobgoblins
  3 frilled lizards
  6 kobolds
  4 rats (D:1)
40 creatures vanquished.

Notes
Turn   | Place    | Note
-------+----------+-------------------------------------------
     0 | D:1      | H0rd4k the Octopode Transmuter began the quest for the Orb.
     0 | D:1      | Reached XP level 1. HP: 13/13 MP: 3/3
   197 | D:1      | Reached XP level 2. HP: 16/18 MP: 5/5
   644 | D:1      | Reached XP level 3. HP: 23/23 MP: 6/6
   648 | D:1      | Learned a level 3 spell: Spider Form
  1000 | D:2      | Reached skill level 4 in Unarmed Combat
  1400 | D:2      | Reached XP level 4. HP: 28/28 MP: 7/7
  1627 | D:2      | Noticed a water moccasin
  1637 | D:2      | Killed a water moccasin
  1638 | D:2      | Reached skill level 1 in Poison Magic
  1638 | D:2      | Reached XP level 5. HP: 5/33 MP: 4/8
  1638 | D:2      | Slain by an adder

Illustrated notes

Levels and vault maps discovered:
D:1:      dpeg_arrival_more_subterranean_lakeside_camping, layout_loops_ring,
          hangedman_abyss_or_decor_stabs
D:2:      layout_basic, lightli_temple_of_fire

Skill      XL: |  1  2  3  4 |
---------------+-------------+-----
Unarmed Combat | 4 |  4.6
Poison Magic   | 1 |  1.4
Fighting       | |  1.3
Dodging        | |  2.8
Spellcasting   | |  2.6
Transmutations | |  2.5

Action                   |  1- 3 |  4- 6 || total
-------------------------+-------+-------++-------
Melee: Unarmed           |    81 |    16 ||    97
       Constrict         |    17 |     2 ||    19
       Tentacles         |    14 |     3 ||    17
 Cast: Spider Form       |     1 |     1 ||     2
 Stab: Sleeping          |     4 |     1 ||     5
Armor: Skin              |     4 |     3 ||     7
Dodge: Dodged            |    54 |    17 ||    71
